 Dungeon Crawl Stone Soup version 0.29-a0-200-gc7997b95f3 (webtiles) character file.

Game seed: 13233249079750060105

37 HotDog the Covered (level 3, -2/23 HPs)
             Began as a Gargoyle Fighter on Feb 23, 2022.
             Slain by a worm (9 damage)
             ... on level 2 of the Dungeon.
             The game lasted 00:02:31 (1699 turns).

HotDog the Covered (Gargoyle Fighter)               Turns: 1699, Time: 00:02:31

Health: -2/23      AC: 10    Str: 21    XL:     3   Next: 39%
Magic:  3/3        EV:  9    Int:  8    God:
Gold:   51         SH:  4    Dex:  9    Spells: 2/2 levels left

rFire   . . .      SeeInvis .   a - +0 flail
rCold   . . .      Faith    .   c - +0 buckler
rNeg    + . .      Spirit   .   b - +0 scale mail
rPois   ∞          Reflect  .   (no helmet)
rElec   +          Harm     .   (no cloak)
rCorr   .          Rampage  .   (no gloves)
Will    .....                   (no boots)
Stlth   ..........              (no amulet)
HPRegen 0.07/turn               (no ring)
MPRegen 0.08/turn               (no ring)

@: no status effects
A: sickness immunity, AC +3, negative energy resistance 1, electricity
resistance, torment resistance 1, petrification resistance
a: no special abilities


You were on level 2 of the Dungeon.
You visited 1 branch of the dungeon, and saw 2 of its levels.

You collected 51 gold pieces.

Inventory:

Hand Weapons
 a - a +0 flail (weapon)
Armour
 b - a +0 scale mail (worn)
 c - a +0 buckler (worn)
Jewellery
 i - a ring of willpower
Wands
 k - a wand of iceblast (11)
Scrolls
 f - a scroll of holy word {unknown}
 g - a scroll of teleportation {unknown}
 h - a scroll of silence {unknown}
 j - 2 scrolls of fog {unknown}
 l - a scroll of magic mapping {unknown}
Potions
 d - a potion of might
 e - a potion of curing {unknown}


   Skills:
 * Level 3.5 Fighting
 * Level 2.4 Maces & Flails
 * Level 3.7 Armour
 * Level 0.3 Dodging
 * Level 3.5 Shields
 * Level 0.7 Invocations


You had 2 spell levels left.
You didn't know any spells.
Your spell library was empty.

Dungeon Overview and Level Annotations

Branches:
Dungeon (2/15)

Altars:


Innate Abilities, Weirdness & Mutations

You are immune to sickness and miasma.
Your stone body is resilient. (AC +3)
You are immune to poison.
You resist negative energy. (rN+)
You are resistant to electric shocks. (rElec)
You are resistant to unholy torment.
You are immune to petrification.


Message History

A worm is nearby!
A worm is nearby!
Found a flail.
An adder comes into view.
The adder hisses angrily.
The worm barely misses you.
You barely miss the worm. You completely miss the adder.
The adder bites you but does no damage. The worm barely misses you.
You hit the adder.
The adder is heavily wounded.
The adder bites you but does no damage. x2; The worm bites you.
You hit the adder.
The adder is severely wounded.
The adder bites you but does no damage. x2; The worm bites you.
You miss the adder.
The adder is severely wounded.
The adder bites you but does no damage. x2
You barely miss the adder.
The adder is severely wounded.
You block the adder's attack. The worm barely misses you.
You miss the adder.
The adder is severely wounded.
The adder barely misses you. The worm bites you! The adder barely misses you.
You are too injured to fight recklessly!
You are too injured to fight recklessly!
You are too injured to fight recklessly!
You are too injured to fight recklessly!
You are too injured to fight recklessly!
You are too injured to fight recklessly!
There are monsters nearby!
You are too injured to fight recklessly!
You closely miss the adder.
The adder is severely wounded.
The adder barely misses you. The worm bites you.
The adder bites you but does no damage.
You miss the adder.
The adder is severely wounded.
The adder bites you but does no damage. The worm bites you!
You die...

#...........##
##......<....######
.#..>.............#
#.............####.#
##.............###.##
.....................
####.........#...#...#
#.........†.#...#..
#....w@....###.## .
#......S....# ..#
#......>..#...#.(.
##........).#...#..
..#......#.###.###. .#
######....# ..#
#..#... .. #....#.


You could see a worm and an adder.

Vanquished Creatures
  A worm (D:2)
  A dart slug (D:2)
  3 ball pythons (D:1)
  7 bats
  3 endoplasms (D:1)
  A giant cockroach (D:1)
  3 hobgoblins (D:1)
  2 jackals (D:1)
  A kobold (D:1)
  A quokka (D:2)
  4 frilled lizards
  3 rats (D:1)
30 creatures vanquished.

Notes
Turn   | Place    | Note
-------+----------+-------------------------------------------
     0 | D:1      | HotDog the Gargoyle Fighter began the quest for the Orb.
     0 | D:1      | Reached XP level 1. HP: 14/14 MP: 1/1
   102 | D:1      | Found a faded altar of an unknown god.
   256 | D:1      | Reached XP level 2. HP: 17/19 MP: 2/2
  1326 | D:1      | Reached XP level 3. HP: 13/23 MP: 3/3
  1699 | D:2      | Slain by a worm

Illustrated notes

Levels and vault maps discovered:
D:1:      nagdon_arrival_zigzag_paths, layout_loops_ring,
          chequers_ecumenical_altar_simple_redux
D:2:      layout_rooms, minmay_misc_feat_four_crosses

Action                   || total
-------------------------++-------
Melee: Flail             ||   119
Armor: Scale mail        ||    94
Dodge: Dodged            ||    77
Block: Buckler           ||    25

Table legend: (Time is in decaauts)
 A = Elapsed time spent in this place.
 B = Non-inter-level travel time spent in this place.
 C = Inter-level travel time spent in this place.
 D = Time resting spent in this place.
 E = Time spent auto-exploring this place.
 F = Levels seen in this place.
 G = Mean time per level.
                   A        B        C        D        E       F      G
               +--------+--------+--------+--------+--------+-----+--------+
         Total |   1738 |   1727 |     11 |    224 |   1222 |   2 |  869.0 |
       Dungeon |   1738 |   1727 |     11 |    224 |   1222 |   2 |  869.0 |
               +--------+--------+--------+--------+--------+-----+--------+

Top non-repeatable levels by time:
     D:1: 1578 daAuts
     D:2: 160 daAuts
